Map: Dusk Towers

Players

MythiC - Winner!

  • Race: Terran Terran
  • League: Master

llllllllllll

  • Race: Zerg Zerg
  • League: Master

VOD

Have the link to the VOD?

Description

Time

  • Played on: March 31, 2016, 9:35 p.m.
  • Length: 11:40
Show
View Real Time Build Order
Export as new Build Order

MythiC Terran - Winner!

Build Orders: Command Center First (CC), Liberator Opening, MMM Bio 

Get SALT Encoding   

  12  0:00  SCV  
  13  0:13  SCV  
  14  0:17  Supply Depot  
  14  0:25  SCV  
  15  0:39  SCV  
  16  0:51  SCV  
  17  1:00  Command Center  
  17  1:03  SCV  
  18  1:13  Barracks  
  18  1:16  SCV  
  19  1:21  Refinery  
  19  1:28  SCV  
  19  1:29  Refinery  
  20  1:40  SCV  
  21  1:52  SCV  
  22  2:00  Marine  
  23  2:04  Orbital Command  
  23  2:09  Factory  
  23  2:19  Orbital Command  
  23  2:20  Barracks Reactor  
  23  2:24  Supply Depot  
  23  2:30  SCV  
  24  2:42  SCV  
  25  2:48  SCV  
  26  2:54  Starport, SCV  
  27  3:00  SCV  
  27  3:04  Hellion  
  30  3:06  Hellion, SCV  
  30  3:10  Barracks Reactor  
  30  3:12  SCV  
  34  3:16  Supply Depot  
  34  3:18  SCV  
  35  3:24  SCV  
  36  3:27  Hellion x2  
  36  3:30  SCV  
  36  3:32  Liberator x2  
  41  3:36  SCV  
  41  3:38  Refinery  
  42  3:43  SCV  
  43  3:49  SCV  
  43  3:53  Barracks Tech Lab  
  43  3:55  SCV  
  51  4:01  SCV  
  52  4:04  Supply Depot  
  52  4:07  SCV  
  52  4:08  Command Center  
  53  4:13  SCV  
  53  4:15  Stimpack  
  54  4:21  Liberator  
  54  4:22  Supply Depot  
  54  4:25  Marine  
  54  4:26  SCV  
  54  4:31  SCV  
  57  4:33  Liberator  
  57  4:34  Barracks  
  57  4:35  Barracks  
  57  4:37  Factory Reactor  
  57  4:43  SCV x2  
  62  4:46  Supply Depot, Marine  
  62  4:47  Refinery  
  66  4:55  SCV x2  
  68  5:04  Engineering Bay  
  68  5:06  Engineering Bay  
  68  5:08  Marine, SCV  
  68  5:12  SCV  
  71  5:17  Supply Depot  
  71  5:20  SCV  
  69  5:24  SCV  
  70  5:30  Factory Tech Lab  
  70  5:32  Marine x4, SCV  
  70  5:33  Marine  
  70  5:35  Orbital Command  
  76  5:37  SCV  
  76  5:39  Medivac  
  79  5:47  SCV  
  80  5:50  Marine x3, Siege Tank  
  80  5:51  Medivac  
  80  5:53  SCV  
  89  5:57  Terran Infantry Weapons Level 1, Terran Infantry Armor Level 1  
  89  5:59  SCV  
  89  6:02  SCV  
  91  6:05  SCV  
  91  6:07  Marine x2  
  91  6:08  Marine  
  91  6:11  SCV  
  96  6:15  Marine  
  96  6:16  Marine, Orbital Command  
  96  6:17  Medivac  
  100  6:23  Supply Depot  
  100  6:24  Barracks  
  100  6:25  Barracks, Marine  
  101  6:40  Combat Shields  
  101  6:44  Supply Depot x2, Marine x4  
  101  6:45  SCV x2  
  101  6:46  Siege Tank, SCV  
  111  6:52  Marine, Armory  
  112  6:55  Refinery  
  112  6:57  SCV x2  
  112  6:59  SCV  
  113  7:09  SCV x2  
  113  7:11  SCV  
  109  7:18  Marine x3  
  109  7:19  Barracks Reactor x2  
  109  7:21  Marine, SCV  
  109  7:22  Marine, Siege Tank  
  115  7:23  SCV, Medivac x2  
  115  7:24  SCV  
  120  7:33  SCV  
  120  7:36  Marine x2  
  120  7:43  Marine x2  
  120  7:44  Marine  
  123  7:45  SCV x2  
  123  7:48  Barracks, SCV  
  123  7:50  Barracks  
  126  7:51  Terran Infantry Weapons Level 2, Terran Vehicle Weapons Level 1, Barracks, Terran Infantry Armor Level 2  
  126  7:52  Supply Depot x2  
  126  7:54  Siege Tank  
  126  7:57  Marine x3, SCV  
  133  7:58  Liberator x2  
  133  8:03  Supply Depot  
  133  8:06  Supply Depot, Marine x4, SCV x2  
  133  8:08  Marine x2  
  141  8:15  Marine  
  141  8:17  SCV  
  141  8:19  Marine x2  
  151  8:24  Marine  
  151  8:25  Marine x2  
  151  8:26  Supply Depot, Marine x2  
  156  8:27  Supply Depot  
  156  8:31  Marauder  
  156  8:33  Marine  
  159  8:36  Barracks Tech Lab x2, Marine  
  159  8:37  Marine  
  160  8:46  Barracks Tech Lab  
  160  8:48  Liberator x2  
  159  8:53  Marine  
  159  8:54  Marauder, Marine x2  
  164  9:01  Marauder x2, Marine x4  
  170  9:03  Marine  
  177  9:11  Marine  
  177  9:12  Marine x2  
  177  9:14  Marauder  
  177  9:15  Marauder  
  183  9:18  SCV  
  183  9:19  Marine x2  
  183  9:21  Marine x3  
  189  9:42  Supply Depot  
  189  9:43  Supply Depot, Marine  
  189  9:44  Marine  
  189  9:45  Marauder, Marine  
  189  9:47  Marine  
  189  9:48  Marine, Command Center  
  189  9:50  Marine  
  189  9:51  Marine, Medivac  
  189  9:52  Marine  
  189  9:55  Marauder  
  189  10:03  Marine x3, Siege Tank  
  189  10:04  Marauder  
  189  10:05  Marauder  
  199  10:07  Refinery  
  190  10:15  Marine x2  
  190  10:16  Marauder x2, Marine x2  
  190  10:18  Marine  
  190  10:21  Marine  
  173  10:23  Marine x2  
  173  10:25  Marauder  
  173  10:26  Marauder  
  177  10:33  Marine x2, SCV  
  177  10:34  Marine, SCV  
  182  10:36  Siege Tank  
  182  10:37  Marauder  
  182  10:38  Marauder, Marine x2  
  182  10:39  Marine  
  182  10:41  Marine  
  193  10:45  Marine  
  193  10:46  Marauder  
  193  10:47  Marauder  
  198  10:51  Marine  
  198  10:52  Marine  
  200  11:00  Marine  
  197  11:07  Marine  
  197  11:08  Marauder x2  
  197  11:10  Marauder, Marine x2  
  195  11:11  Marine  
  195  11:12  Marauder, Marine  
  195  11:13  Marine x2  
  195  11:18  Marine  
Show
View Real Time Build Order
Export as new Build Order

llllllllllll Zerg 

Build Orders: Hatch First 

Get SALT Encoding   

  12  0:00  Drone  
  13  0:12  Overlord  
  13  0:17  Drone  
  14  0:30  Drone x2  
  14  0:34  Drone  
  17  0:52  Hatchery  
  17  0:55  Drone  
  17  0:58  Drone  
  18  1:12  Spawning Pool  
  18  1:15  Drone  
  18  1:17  Drone  
  19  1:20  Extractor  
  18  1:29  Drone  
  19  1:39  Overlord  
  19  1:51  Drone  
  20  1:59  Queen  
  20  2:01  Zergling x2  
  23  2:04  Queen, Zergling x2  
  26  2:10  Zergling x2  
  27  2:16  Drone  
  27  2:21  Drone  
  29  2:23  Metabolic Boost  
  29  2:27  Drone  
  30  2:33  Drone  
  30  2:35  Queen  
  33  2:38  Overlord  
  34  2:44  Drone  
  34  2:48  Drone  
  35  2:57  Hatchery  
  34  3:00  Drone  
  34  3:02  Drone  
  36  3:07  Drone x2  
  36  3:10  Drone  
  39  3:15  Drone x2  
  41  3:20  Drone x2  
  41  3:21  Drone  
  41  3:26  Overlord  
  44  3:39  Roach Warren  
  44  3:40  Overlord, Drone  
  43  3:49  Drone x3  
  43  3:50  Drone x4  
  43  3:53  Zergling x2, Extractor x2  
  49  3:58  Queen  
  49  4:00  Zergling x2  
  52  4:05  Overlord  
  52  4:08  Drone  
  53  4:15  Overlord  
  53  4:19  Drone  
  53  4:21  Roach x4  
  62  4:27  Overlord  
  62  4:29  Roach x2  
  66  4:33  Queen  
  66  4:35  Drone  
  69  4:39  Roach  
  69  4:41  Spore Crawler  
  69  4:45  Ravager, Spore Crawler  
  70  4:46  Ravager x2  
  72  4:54  Drone x2  
  72  4:57  Ravager  
  75  5:00  Overlord  
  75  5:01  Overlord  
  75  5:02  Pneumatized Carapace  
  75  5:07  Spore Crawler  
  75  5:11  Drone x3  
  75  5:12  Extractor, Drone x2  
  75  5:13  Drone  
  79  5:20  Drone x4  
  83  5:25  Drone x3  
  87  5:29  Lair  
  85  5:39  Drone x3  
  85  5:41  Drone x3  
  90  5:43  Drone x2  
  90  5:45  Drone  
  90  5:47  Overlord  
  90  5:49  Drone  
  94  5:56  Drone  
  95  5:59  Extractor  
  95  6:00  Drone x3  
  95  6:01  Evolution Chamber  
  95  6:02  Evolution Chamber  
  95  6:06  Drone x2  
  95  6:10  Drone  
  98  6:11  Drone  
  98  6:14  Extractor x2  
  98  6:17  Drone  
  98  6:18  Drone x4  
  101  6:27  Zerg Missile Weapons Level 1  
  101  6:28  Zerg Ground Armor Level 1  
  101  6:29  Drone x3  
  104  6:33  Spore Crawler  
  104  6:38  Overlord  
  104  6:39  Overlord x5  
  103  6:49  Overlord  
  103  7:00  Hatchery  
  107  7:01  Roach x5  
  107  7:02  Roach x3  
  117  7:13  Roach  
  117  7:14  Roach x6  
  127  7:22  Roach  
  127  7:23  Roach  
  127  7:27  Roach x2  
  127  7:28  Roach x2  
  126  7:31  Roach x2  
  126  7:32  Roach  
  126  7:36  Overlord x2  
  132  7:41  Roach  
  132  7:46  Glial Reconstitution  
  132  7:52  Infestation Pit  
  132  7:56  Drone x4  
  132  7:57  Spore Crawler  
  134  8:01  Roach  
  134  8:02  Roach x3  
  134  8:05  Hatchery  
  141  8:11  Zergling x2  
  141  8:12  Spine Crawler, Zergling x8  
  145  8:16  Ravager  
  145  8:17  Ravager x6, Spore Crawler  
  145  8:18  Overlord  
  151  8:20  Overlord  
  151  8:26  Roach  
  153  8:28  Overlord  
  153  8:33  Overlord  
  153  8:34  Overlord  
  153  8:35  Overlord  
  152  8:44  Roach x2  
  152  8:45  Roach x5  
  166  8:49  Hive  
  166  8:51  Zergling x8  
  166  8:52  Zergling x2  
  166  8:53  Zergling x2  
  166  8:54  Zergling x2  
  173  8:57  Overlord, Zergling x2  
  173  9:00  Zerg Melee Weapons Level 1  
  170  9:08  Infestor x4  
  178  9:22  Drone  
  178  9:23  Drone x7  
  186  9:32  Spore Crawler  
  186  9:36  Overlord  
  186  9:37  Roach x2  
  186  9:38  Roach x5  
  199  9:44  Roach x2  
  199  9:45  Roach x2  
  196  9:46  Zergling x2  
  196  9:48  Drone  
  196  9:50  Drone  
  193  9:54  Overlord  
  193  9:55  Drone  
  193  9:56  Drone  
  194  10:06  Overlord  
  194  10:08  Zergling x10  
  188  10:18  Roach x5  
  143  10:24  Roach  
  143  10:25  Roach x2  
  143  10:28  Roach x2  
  145  10:30  Zergling x4  
  145  10:35  Roach x2  
  151  10:39  Roach x2  
  151  10:40  Roach  
  157  10:44  Ravager x2  
  157  10:46  Ravager  
  157  10:48  Ravager, Roach  
  157  10:49  Roach x3  
  169  10:53  Zergling x4  
  169  10:54  Zergling x4  
  169  10:56  Roach  
  172  11:00  Roach x2  
  172  11:03  Zergling x2  
  173  11:05  Roach  
  173  11:07  Roach  
  168  11:14  Zergling x10  
  168  11:16  Roach  
Tags
 
Add a new tag
Caveats
  • Supply blocks, unpowered buildings, or Contaminate may cause inaccurate times.
  • Supply counts are checked every 10 seconds.